[Event "Titled Tuesday Blitz February 28 Early 2023"]
[White "Jenkins, Drake"]
[Black "Hon, Eric"]
[WhiteFideId "2022397"]
[BlackFideId "2097117"]
[WhiteElo "2331"]
[BlackElo "1918"]
[Result "0-1"]
[Round "10"]
[TimeControl "180+2"]
[Date "2023.02.28"]
[WhiteClock "0:00:02"]
[BlackClock "0:00:11"]

1. Nf3 d5 2. c4 d4 3. e3 c5 4. b4 b6 5. bxc5 bxc5 6. exd4 cxd4 7. g3 Nc6 8. Bg2 Bd7 9. O-O Nf6 10. d3 e5 11. Re1 Bd6 12. c5 Bc7 13. Na3 O-O 14. Nc4 Re8 15. Ba3 Rb8 16. Rb1 Nd5 17. Qc2 Nc3 18. Rxb8 Qxb8 19. Ng5 h6 20. Ne4 Nb5 21. Rb1 Nxa3 22. Nxa3 Qc8 23. Nb5 Re6 24. Nxc7 Qxc7 25. Nd6 Nd8 26. Rb2 g6 27. h4 Kg7 28. Bf3 Bc6 29. Bg4 f5 30. Be2 Nf7 31. Qb3 Rf6 32. Nc4 e4 33. Qb8 Qxb8 34. Rxb8 exd3 35. Bxd3 Re6 36. Kf1 Bd5 37. Rc8 Kf6 38. Rf8 Ke7 39. Rg8 Kf6 40. Rf8 Rc6 41. Nd6 Rxc5 42. Nxf7 Bxf7 43. h5 g5 44. Kg2 Kg7 45. Rd8 Bxh5 46. Rd7+ Bf7 47. Rxa7 Kf6 48. Ba6 Ra5 49. Bb7 Rxa7 0-1


[Site "https://www.chess.com"]

[Event "Titled Tuesday Blitz February 28 Early 2023"]
[White "Fernandez Hernandez, Gerardo"]
[Black "Ruiz Aguilar, Pablo Alexander"]
[WhiteFideId "2207400"]
[BlackFideId "4401352"]
[WhiteElo "2193"]
[BlackElo "2138"]
[Result "1-0"]
[Round "10"]
[TimeControl "180+2"]
[Date "2023.02.28"]
[WhiteClock "0:00:17"]
[BlackClock "0:00:08"]

1. e4 c5 2. d3 Nc6 3. g3 g6 4. Bg2 Bg7 5. f4 e6 6. Nf3 Nge7 7. O-O d5 8. c3 dxe4 9. dxe4 Qxd1 10. Rxd1 e5 11. Be3 b6 12. Na3 Ba6 13. Rd6 Rd8 14. Rad1 Rxd6 15. Rxd6 Bh6 16. Kf2 exf4 17. gxf4 Nb8 18. Ne5 Nc8 19. Rd1 Ke7 20. Nec4 Rd8 21. Rxd8 Kxd8 22. e5 Kc7 23. Bd5 Ne7 24. Bxf7 Nf5 25. Bg8 Nxe3 26. Kxe3 Nc6 27. Bxh7 b5 28. Nd6 Nxe5 29. Naxb5+ Kd7 30. Ke4 1-0


[Site "https://www.chess.com"]

[Event "Titled Tuesday Blitz February 28 Early 2023"]
[White "Kiseljova, Marya"]
[Black "Qashashvili, Alexandre"]
[WhiteFideId "4155009"]
[BlackFideId "13600842"]
[WhiteElo "1807"]
[BlackElo "2405"]
[Result "1/2-1/2"]
[Round "10"]
[TimeControl "180+2"]
[Date "2023.02.28"]
[WhiteClock "0:00:43"]
[BlackClock "0:00:13"]

1. d4 c6 2. c4 d5 3. Nf3 Nf6 4. g3 Bf5 5. Nh4 Bg4 6. Qb3 Qb6 7. c5 Qxb3 8. axb3 Nbd7 9. b4 a6 10. Nc3 Rc8 11. f3 Bh5 12. g4 Bg6 13. Nxg6 hxg6 14. Bf4 e6 15. e3 Be7 16. Bd3 Bd8 17. Ke2 Bc7 18. Bxc7 Rxc7 19. b5 Nb8 20. bxa6 Nxa6 21. Bxa6 bxa6 22. Rxa6 Kd7 23. Na4 Rb8 24. Nb6+ Ke7 25. Rb1 Nd7 26. Nxd7 Kxd7 27. b4 Rcb7 28. Ra4 Rh8 29. Kd3 Rxh2 30. Ra6 g5 31. b5 Rxb5 32. Ra7+ Ke8 33. Rxb5 cxb5 34. c6 Kd8 35. Rxf7 b4 36. Rxg7 b3 37. Rb7 b2 38. Kc3 Re2 39. e4 dxe4 40. fxe4 Rxe4 41. Rxb2 Kc7 42. Rb5 Rxg4 43. Re5 Kxc6 44. Rxe6+ Kd5 45. Re8 Rg3+ 46. Kd2 Kxd4 47. Ke2 Ra3 48. Kf2 Rb3 49. Re7 Rc3 50. Re8 Rc5 51. Kf3 Re5 52. Rd8+ Kc5 53. Kg4 Rd5 54. Rxd5+ Kxd5 55. Kxg5 1/2-1/2


[Site "https://www.chess.com"]

[Event "Titled Tuesday Blitz February 28 Early 2023"]
[White "Winkels, Marcel"]
[Black "Zaichenko, Daria"]
[WhiteFideId "1003887"]
[BlackFideId "4197453"]
[WhiteElo "1900"]
[BlackElo "2039"]
[Result "1-0"]
[Round "10"]
[TimeControl "180+2"]
[Date "2023.02.28"]
[WhiteClock "0:01:18"]
[BlackClock "0:01:09"]

1. e4 c5 2. d4 cxd4 3. c3 d5 4. exd5 Qxd5 5. Nf3 Bg4 6. cxd4 e6 7. Nc3 Bb4 8. Qa4+ Nc6 9. Ne5 Qe4+ 10. Be3 Ne7 11. Bb5 O-O 12. O-O Bxc3 13. bxc3 Nxe5 14. dxe5 Qxe5 15. Qxg4 Qxb5 16. Bd4 Nf5 17. Rab1 Qc6 18. Be5 f6 19. Bd4 Nxd4 20. cxd4 Rfe8 21. Rfc1 Qd5 22. Rc7 g6 23. Qh4 h5 24. Qxf6 1-0


[Site "https://www.chess.com"]

[Event "Titled Tuesday Blitz February 28 Early 2023"]
[White "Ricaurte Lopez, Juan Carlos"]
[Black "Kohler, Aran"]
[WhiteFideId "3600327"]
[BlackFideId "1002856"]
[WhiteElo "2209"]
[BlackElo "2231"]
[Result "0-1"]
[Round "10"]
[TimeControl "180+2"]
[Date "2023.02.28"]
[WhiteClock "0:00:01"]
[BlackClock "0:01:12"]

1. e4 c6 2. d4 d5 3. exd5 cxd5 4. c4 a6 5. Nc3 dxc4 6. Bxc4 Nf6 7. Nf3 e6 8. O-O Be7 9. Re1 O-O 10. Ne5 b5 11. Bb3 Bb7 12. Bg5 h6 13. Bh4 Nbd7 14. Qe2 b4 15. Na4 Nxe5 16. dxe5 Nd5 17. Bxe7 Qxe7 18. Bxd5 Bxd5 19. Nb6 Rad8 20. Nxd5 Rxd5 21. Qxa6 Rfd8 22. g3 Qc5 23. Re2 Rxe5 24. Rxe5 Qxe5 25. Qb6 Rd4 26. a4 bxa3 27. bxa3 Rd6 28. Qb8+ Kh7 29. Qb1+ g6 30. a4 Rd2 31. Qe1 Qd4 32. a5 Rxf2 33. Qxf2 Qxa1+ 34. Kg2 Kg7 35. Qb6 Qa2+ 36. Kf3 Qxh2 37. a6 Qh1+ 38. Kf2 Qc1 39. a7 Qd2+ 40. Kf3 Qd5+ 41. Ke3 Qe5+ 42. Kd3 Qxg3+ 43. Kc4 Qa3 44. Qd4+ Kh7 45. Qc5 Qa6+ 46. Kb4 Qb7+ 47. Ka5 h5 48. Qb6 Qd5+ 49. Ka6 Qa2+ 50. Kb7 Qd5+ 51. Kb8 Qe5+ 52. Kc8 Qc3+ 53. Kd7 Qd3+ 54. Ke8 Qc3 55. a8=Q Qh8+ 0-1


[Site "https://www.chess.com"]

[Event "Titled Tuesday Blitz February 28 Early 2023"]
[White "Simonovic, Miroslav"]
[Black "Kriti Mayur Patel"]
[WhiteFideId "919152"]
[BlackFideId "35061780"]
[WhiteElo "2057"]
[BlackElo "1306"]
[Result "1-0"]
[Round "10"]
[TimeControl "180+2"]
[Date "2023.02.28"]
[WhiteClock "0:01:41"]
[BlackClock "0:01:56"]

1. d4 d5 2. Bg5 h6 3. Bh4 c6 4. e3 Bf5 5. Bd3 Bxd3 6. Qxd3 Nd7 7. f4 Ngf6 8. Nd2 Qc7 9. Ngf3 e6 10. Ne5 Nxe5 11. fxe5 Nd7 12. e4 g5 13. Bg3 h5 14. h4 g4 15. O-O c5 16. exd5 exd5 17. e6 Qb6 18. exd7+ Kxd7 19. Rxf7+ Be7 20. Qf5+ Ke8 21. Re1 Rf8 22. Rfxe7+ 1-0


[Site "https://www.chess.com"]

[Event "Titled Tuesday Blitz February 28 Early 2023"]
[White "Tagliati, Eleonore"]
[Black "Vargas, Mauricio"]
[WhiteFideId "45172234"]
[BlackFideId "4404572"]
[WhiteElo "2226"]
[BlackElo "2025"]
[Result "0-1"]
[Round "10"]
[TimeControl "180+2"]
[Date "2023.02.28"]
[WhiteClock "0:00:34"]
[BlackClock "0:00:08"]

1. e4 c5 2. Nf3 d6 3. Bb5+ Nd7 4. c4 a6 5. Ba4 g6 6. O-O Bg7 7. Nc3 Nf6 8. d3 b6 9. Bf4 Bb7 10. Qd2 h6 11. h3 g5 12. Be3 O-O 13. h4 g4 14. Nh2 h5 15. Bc2 Ne5 16. b3 e6 17. f4 gxf3 18. Nxf3 Neg4 19. Bg5 Qc7 20. Rae1 d5 21. cxd5 exd5 22. e5 d4 23. exf6 Bxf3 24. Bf4 dxc3 25. Qc1 Qd7 26. fxg7 Rfe8 27. Rxf3 Qd4+ 28. Be3 Qe5 29. Bf2 Qh2+ 30. Kf1 Qh1+ 31. Bg1 Nh2+ 32. Kf2 Nxf3 33. Kxf3 Qxh4 34. Re4 Rxe4 35. dxe4 Qg4+ 36. Kf2 Rd8 37. Ke3 Rd2 38. Bf2 Qe2+ 39. Kf4 Qxf2+ 40. Ke5 f6+ 41. Ke6 Qe3 42. Bb1 Rd6+ 43. Kxd6 Qxc1 44. Bd3 Qb2 45. Bc4+ Kxg7 0-1


[Site "https://www.chess.com"]

[Event "Titled Tuesday Blitz February 28 Early 2023"]
[White "Bashirli, Saadat"]
[Black "Michalski, Olaf"]
[WhiteFideId "13429990"]
[BlackFideId "1106740"]
[WhiteElo "1408"]
[BlackElo "2173"]
[Result "1-0"]
[Round "10"]
[TimeControl "180+2"]
[Date "2023.02.28"]
[WhiteClock "0:00:29"]
[BlackClock "0:00:01"]

1. e4 c5 2. Nf3 a6 3. c3 Nf6 4. e5 Nd5 5. d4 e6 6. Bc4 d6 7. exd6 Bxd6 8. O-O O-O 9. Re1 Nc6 10. Bxd5 exd5 11. dxc5 Bxc5 12. Nbd2 Qb6 13. Qe2 Bd7 14. Nb3 Rfe8 15. Qf1 Rxe1 16. Qxe1 Re8 17. Qf1 Bd6 18. Be3 Qc7 19. h3 Ne5 20. Nxe5 Bxe5 21. Nd4 Qd6 22. Qd3 Qf6 23. Qd2 Bc7 24. Re1 Qd6 25. f4 Re4 26. Qf2 Qg6 27. Kh2 h6 28. Bd2 Qf6 29. Rxe4 dxe4 30. Qe3 Bf5 31. Nxf5 Qxf5 32. g4 Qd5 33. Kg3 Qxa2 34. Qxe4 Qxb2 35. Qe8+ Kh7 36. Qe4+ Kg8 37. Qe8+ Kh7 38. Qxf7 Qxd2 39. Qxc7 Qe3+ 40. Kg2 Qe4+ 41. Kf2 a5 42. f5 a4 43. Qf7 Qc2+ 44. Kg1 Qc1+ 45. Kg2 Qd2+ 46. Kg1 Qe1+ 47. Kg2 Qe4+ 48. Kg1 Qe1+ 49. Kg2 Qd2+ 50. Kg1 Qxc3 51. Qg6+ Kg8 52. Qe8+ Kh7 53. Qxa4 Qc5+ 54. Kg2 b5 55. Qe4 b4 56. f6+ g6 57. Qe7+ 1-0


[Site "https://www.chess.com"]

[Event "Titled Tuesday Blitz February 28 Early 2023"]
[White "Tarnowska, Aleksandra"]
[Black "Seifert, Henryk"]
[WhiteFideId "1180967"]
[BlackFideId "1100963"]
[WhiteElo "1776"]
[BlackElo "2071"]
[Result "1-0"]
[Round "10"]
[TimeControl "180+2"]
[Date "2023.02.28"]
[WhiteClock "0:00:04"]
[BlackClock "0:00:01"]

1. e4 e6 2. d4 d5 3. Nd2 Nf6 4. e5 Nfd7 5. Bd3 c5 6. c3 Nc6 7. Ne2 Qb6 8. Nf3 cxd4 9. cxd4 f6 10. exf6 Nxf6 11. O-O Bd6 12. Bg5 O-O 13. Bh4 Qxb2 14. Bg3 Bxg3 15. hxg3 Qa3 16. Nf4 Bd7 17. Ne5 Qd6 18. Nh5 Nxe5 19. dxe5 Qxe5 20. Nf4 Qd6 21. Rb1 b6 22. Bc2 e5 23. Nd3 Bc6 24. Nb4 Bb7 25. Bb3 Rad8 26. Re1 a5 27. Nc2 Kh8 28. Ba4 d4 29. f3 Nd5 30. Bb5 Nc3 31. Qd2 Nxb1 32. Rxb1 Rc8 33. Bd3 Qc5 34. Ne1 Qc3 35. Qg5 Qc7 36. Qh4 h6 37. Qh5 Rce8 38. Qg6 e4 39. fxe4 Qe5 40. Nf3 Qe6 41. Qh5 Rf6 42. Rc1 Ref8 43. Rc7 R6f7 44. Rc4 Rf6 45. Rxd4 Qe7 46. Rc4 Rd6 47. Rd4 Rxd4 48. Nxd4 Qc5 49. Qh4 Qxd4+ 50. Kh2 Qf6 51. Qg4 Qg5 52. Qh3 Rf6 53. e5 1-0


[Site "https://www.chess.com"]

[Event "Titled Tuesday Blitz February 28 Early 2023"]
[White "parintele_chess"]
[Black "Dilmukhametov, Artur"]
[BlackFideId "24179922"]
[WhiteElo "2216"]
[BlackElo "2199"]
[Result "1-0"]
[Round "10"]
[TimeControl "180+2"]
[Date "2023.02.28"]
[WhiteClock "0:00:56"]
[BlackClock "0:00:12"]

1. d4 Nf6 2. c4 g6 3. Nc3 Bg7 4. e4 d6 5. Be2 O-O 6. Bg5 Na6 7. f4 c5 8. d5 Nc7 9. Nf3 a6 10. a4 Rb8 11. O-O Bd7 12. e5 dxe5 13. fxe5 Nfe8 14. d6 Ne6 15. dxe7 Qc7 16. exf8=R+ Kxf8 17. Nd5 Qa5 18. Bd2 Qd8 19. Nf6 Nxf6 20. exf6 Bxf6 21. Bh6+ Kg8 22. Qd2 Nd4 23. Nxd4 Bxd4+ 24. Be3 Bxe3+ 25. Qxe3 Qc7 26. Qe7 Rf8 27. Rad1 Qb6 28. Rxd7 1-0


[Site "https://www.chess.com"]

[Event "Titled Tuesday Blitz February 28 Early 2023"]
[White "Larina, Maria"]
[Black "Nery Junior, Jose Antonio"]
[WhiteFideId "24113182"]
[BlackFideId "2104822"]
[WhiteElo "1848"]
[BlackElo "2197"]
[Result "0-1"]
[Round "10"]
[TimeControl "180+2"]
[Date "2023.02.28"]
[WhiteClock "0:00:08"]
[BlackClock "0:00:17"]

1. e4 c5 2. Nc3 e6 3. Nf3 a6 4. d4 cxd4 5. Nxd4 Qc7 6. g3 Nf6 7. Bg2 Nc6 8. O-O b5 9. Nxc6 dxc6 10. e5 Nd5 11. Ne4 Be7 12. Qg4 O-O 13. f4 Qb6+ 14. Kh1 Ne3 15. Bxe3 Qxe3 16. Nf6+ Kh8 17. Nh5 Rg8 18. Bxc6 Ra7 19. Rae1 Qc5 20. Be4 Bb7 21. Qf3 Bxe4 22. Qxe4 Rc7 23. c3 Rd8 24. Rd1 Qc6 25. Qxc6 Rxc6 26. Rxd8+ Bxd8 27. Rd1 Bb6 28. Rd6 Rxd6 29. exd6 Kg8 30. g4 Kf8 31. Ng3 Ke8 32. Ne4 Kd7 33. f5 Be3 34. Kg2 g6 35. fxg6 hxg6 36. Kf3 Bc1 37. Nc5+ Kxd6 38. Nxa6 Bxb2 39. h4 Bxc3 40. h5 Bd2 41. hxg6 fxg6 42. a3 Ba5 43. Ke4 g5 44. Nb8 Bc3 45. Na6 Bb2 46. Nb4 Bxa3 47. Nd3 Bc5 48. Nb2 e5 49. Nd3 Bd4 50. Nb4 Kc5 51. Nd3+ Kc4 52. Ne1 b4 53. Nc2 b3 54. Na3+ Kb4 55. Nb1 Kc4 56. Na3+ Kc3 57. Nb1+ Kc2 58. Na3+ Kc1 59. Kf5 b2 60. Kxg5 Bc5 61. Nb1 Kxb1 62. Kf5 Kc2 63. g5 b1=Q 0-1


[Site "https://www.chess.com"]

[Event "Titled Tuesday Blitz February 28 Early 2023"]
[White "So, Wesley"]
[Black "Duda, Jan-Krzysztof"]
[WhiteFideId "5202213"]
[BlackFideId "1170546"]
[WhiteElo "2739"]
[BlackElo "2790"]
[Result "1/2-1/2"]
[Round "11"]
[TimeControl "180+2"]
[Date "2023.02.28"]
[WhiteClock "0:00:15"]
[BlackClock "0:00:03"]

1. d4 Nf6 2. c4 e6 3. Nc3 d5 4. cxd5 exd5 5. Bg5 c6 6. e3 h6 7. Bh4 Be7 8. Bd3 O-O 9. Nge2 Re8 10. O-O Nh5 11. Bxe7 Qxe7 12. Qd2 Nd7 13. Rae1 Ndf6 14. Nc1 Ne4 15. Qc2 Bf5 16. Na4 Bh7 17. f3 Ng5 18. Nc5 Nf6 19. Bxh7+ Nfxh7 20. N1d3 Nf6 21. b4 Ne6 22. Nxe6 Qxe6 23. a4 Re7 24. Re2 Rae8 25. Rfe1 Nd7 26. Nc5 Nxc5 27. bxc5 f5 28. a5 Qf6 29. Qd3 a6 30. h3 Re6 31. Qb3 R8e7 32. Qd3 Kf8 33. e4 dxe4 34. fxe4 Rxe4 35. Rxe4 Rxe4 36. Rxe4 fxe4 37. Qxe4 Qf7 38. Qe5 Kg8 39. Qd6 Kh7 40. Kh2 Qa2 41. Qd7 Qb1 42. Qg4 Qd3 43. Qd7 Qb1 44. Qg4 Qd3 45. h4 Qc2 46. h5 Qd3 47. Qd7 Qe4 48. Kg3 Qe3+ 49. Kh2 Qf4+ 50. Kh3 Qe3+ 51. g3 Qe4 52. g4 Qf3+ 53. Kh2 Qf2+ 54. Kh3 Qf3+ 55. Kh2 Qf2+ 56. Kh3 Qf3+ 1/2-1/2


[Site "https://www.chess.com"]

[Event "Titled Tuesday Blitz February 28 Early 2023"]
[White "Le, Tuan Minh"]
[Black "Dubov, Daniil"]
[WhiteFideId "12401153"]
[BlackFideId "24126055"]
[WhiteElo "2558"]
[BlackElo "2802"]
[Result "1/2-1/2"]
[Round "11"]
[TimeControl "180+2"]
[Date "2023.02.28"]
[WhiteClock "0:00:05"]
[BlackClock "0:00:04"]

1. d4 Nf6 2. Nf3 d5 3. Bg5 c5 4. c3 Ne4 5. Bf4 cxd4 6. cxd4 Nc6 7. Nc3 e6 8. Rc1 g5 9. Bd2 Nxd2 10. Qxd2 g4 11. Ng1 e5 12. e3 exd4 13. exd4 Qe7+ 14. Be2 Bg7 15. Nxd5 Qd6 16. Bc4 Be6 17. Ne3 Nxd4 18. Ne2 Rd8 19. Nxd4 Bxd4 20. O-O O-O 21. Rfe1 h5 22. Nf1 Bxc4 23. Rxc4 Qd5 24. b3 Bg7 25. Qc2 b5 26. Rc5 Qd3 27. Qxd3 Rxd3 28. Rxb5 Rc8 29. Rxh5 Bd4 30. Rg5+ Kf8 31. Rxg4 Rc2 32. Rf4 Bc3 33. Re3 Rd1 34. g3 Rcc1 35. Kg2 Bg7 36. Ref3 Rxf1 37. Rxf7+ Kg8 38. Rxa7 Rfd1 39. Kh3 Rd6 40. Ra4 Rc2 41. Kg2 Rf6 42. Rxf6 Bxf6 43. h4 Be7 44. h5 Bc5 45. Kf3 Rxf2+ 46. Kg4 Rg2 47. Rc4 Bd6 48. Rc6 Be5 49. Kf5 Bxg3 50. Rg6+ Kh7 51. a4 Rf2+ 52. Ke4 Bc7 53. Rc6 Ba5 54. Rc5 Bd2 55. Rc2 Rf4+ 56. Kd5 Be1 57. Re2 Bc3 58. Re3 Bd2 59. Re2 Bc3 60. Re3 Bd2 61. Re4 Rf5+ 62. Kc4 Rxh5 63. b4 Rf5 64. a5 Rxa5 65. bxa5 Bxa5 66. Kd5 Kg6 67. Ke6 Bd2 68. Rg4+ Kh7 69. Rg2 Be3 70. Kf7 Kh6 71. Kf6 Kh5 72. Kf5 Kh4 73. Ke4 Bc1 74. Rg8 Kh3 75. Kf3 Kh2 76. Rg2+ Kh1 77. Rc2 Ba3 78. Rd2 Bc5 79. Kg3 Bb6 80. Rd1+ Bg1 81. Kf3 Kh2 82. Rd5 Kh1 83. Rh5+ Bh2 84. Rg5 Bg1 85. Rg4 Bh2 86. Kf2 Bd6 87. Kf1 Bc7 88. Rg7 Bd6 89. Rg6 Bc7 90. Kf2 Bh2 91. Rc6 Be5 92. Rc1+ Kh2 93. Rd1 Bc7 94. Rd7 Bg3+ 95. Kf3 Be5 96. Rd2+ Kh1 97. Rd1+ Kh2 98. Kf2 Bg3+ 99. Ke2 Bc7 100. Kf3 Be5 101. Rd5 Bc7 102. Rg5 Bd6 103. Rg7 Kh1 104. Rg6 Bh2 105. Re6 Bc7 106. Re1+ Kh2 107. Kg4 Kg2 108. Re2+ Kh1 109. Rc2 Bb6 110. Kg3 Bg1 111. Re2 Bb6 112. Re1+ Bg1 113. Re4 Bb6 114. Re6 Bc7+ 115. Kh3 Kg1 1/2-1/2


[Site "https://www.chess.com"]

[Event "Titled Tuesday Blitz February 28 Early 2023"]
[White "Matlakov, Maxim"]
[Black "Adhiban, B."]
[WhiteFideId "4168003"]
[BlackFideId "5018471"]
[WhiteElo "2666"]
[BlackElo "2587"]
[Result "1-0"]
[Round "11"]
[TimeControl "180+2"]
[Date "2023.02.28"]
[WhiteClock "0:00:07"]
[BlackClock "0:00:06"]

1. e4 c5 2. Nf3 Nc6 3. Bb5 d6 4. O-O Bd7 5. Re1 a6 6. Bxc6 Bxc6 7. c3 Nf6 8. d4 Bxe4 9. Bg5 Bd5 10. c4 Bxc4 11. Nc3 Be6 12. d5 Bf5 13. Nh4 Qd7 14. Nxf5 Qxf5 15. Qa4+ Qd7 16. Qh4 h6 17. b4 cxb4 18. Bxf6 gxf6 19. Ne4 O-O-O 20. Rab1 a5 21. Qg3 f5 22. Nd2 f4 23. Qxf4 Rg8 24. Qxf7 Rg7 25. Qf4 Qg4 26. Qc4+ Kb8 27. g3 Qxc4 28. Nxc4 Rg5 29. Red1 Rc8 30. Nxa5 Rc5 31. Nb3 Rcxd5 32. Nd4 Bg7 33. Ne6 Rxd1+ 34. Rxd1 Rg6 35. Nxg7 Rxg7 36. Rd4 Kc7 37. Rxb4 d5 38. f4 Kc6 39. Kf2 b5 40. a4 bxa4 41. Rxa4 Kc5 42. Ra6 Rf7 43. Ke3 Rf6 44. Rxf6 exf6 45. g4 Kc4 46. h4 Kc3 47. Ke2 Kc2 48. Ke3 Kc3 49. Ke2 Kd4 50. h5 Kc3 51. g5 Kc2 52. Ke3 Kc3 53. Ke2 Kc2 54. Ke3 Kc3 55. gxh6 d4+ 56. Ke4 d3 57. h7 d2 58. h8=Q d1=Q 59. Qxf6+ Kc2 60. Qc6+ Kb1 61. Qb5+ Ka1 62. Qa5+ Kb1 63. Qb4+ Ka1 64. Qd4+ Qxd4+ 65. Kxd4 1-0


[Site "https://www.chess.com"]

[Event "Titled Tuesday Blitz February 28 Early 2023"]
[White "Nakamura, Hikaru"]
[Black "Demchenko, Anton"]
[WhiteFideId "2016192"]
[BlackFideId "4160258"]
[WhiteElo "2879"]
[BlackElo "2545"]
[Result "1-0"]
[Round "11"]
[TimeControl "180+2"]
[Date "2023.02.28"]
[WhiteClock "0:00:11"]
[BlackClock "0:00:01"]

1. e4 e5 2. Nc3 Nf6 3. Bc4 Nc6 4. d3 Bb4 5. Nf3 d6 6. O-O Bxc3 7. bxc3 h6 8. Bb3 O-O 9. Nd2 g5 10. Re1 Bg4 11. f3 Be6 12. Nf1 Ne7 13. h4 Nh7 14. hxg5 hxg5 15. d4 Ng6 16. Ng3 Nf4 17. Be3 Qf6 18. Kf2 Qg6 19. Rh1 Nf6 20. Qd2 Kg7 21. c4 Rfe8 22. Qc3 Bd7 23. c5 Rac8 24. Rh2 g4 25. dxe5 dxe5 26. Bxf4 exf4 27. Nh5+ Kf8 28. Nxf6 g3+ 29. Kg1 gxh2+ 30. Kh1 Red8 31. Nd5 Qh6 32. Qe5 Be6 33. Nxf4 Bxb3 34. axb3 Rd7 35. Nd5 c6 36. Nf6 Rdd8 37. Ng4 Qg7 38. Qxg7+ Kxg7 39. Rxa7 Rc7 40. Kxh2 Rd2 41. Ne3 Kf6 42. Kg3 Ke6 43. Kf4 f6 44. g4 Rh7 45. Nf5 Rf2 46. Ke3 Rf1 47. b4 Re1+ 48. Kf4 Rd7 49. c3 1-0


[Site "https://www.chess.com"]

[Event "Titled Tuesday Blitz February 28 Early 2023"]
[White "Abdrlauf, Elham"]
[Black "Svane, Rasmus"]
[WhiteFideId "1533533"]
[BlackFideId "4657101"]
[WhiteElo "2476"]
[BlackElo "2597"]
[Result "1-0"]
[Round "11"]
[TimeControl "180+2"]
[Date "2023.02.28"]
[WhiteClock "0:01:10"]
[BlackClock "0:00:07"]

1. e4 e5 2. Nc3 Nf6 3. d4 exd4 4. Qxd4 Nc6 5. Qd3 Bc5 6. Be3 Bb6 7. O-O-O d6 8. f4 O-O 9. Nf3 Bg4 10. h3 Bxf3 11. gxf3 Qe7 12. Rg1 Rad8 13. Bxb6 axb6 14. Qd2 Rfe8 15. Bb5 Qf8 16. Nd5 Nxd5 17. exd5 Ne7 18. Bxe8 Rxe8 19. Rde1 Ra8 20. a3 g6 21. Re2 Nf5 22. Qd3 Qg7 23. Rge1 Qf6 24. Re8+ Rxe8 25. Rxe8+ Kg7 26. Qc3 Qxc3 27. bxc3 Nh4 28. Rc8 Nxf3 29. Rxc7 Ng1 30. Rxb7 Nxh3 31. Rxb6 h5 32. a4 h4 33. a5 Nf2 34. a6 h3 35. Rb1 f6 36. a7 g5 37. fxg5 fxg5 38. a8=Q h2 39. Rb7+ Kf6 40. Qh8+ Kf5 41. Qxh2 1-0


[Site "https://www.chess.com"]

[Event "Titled Tuesday Blitz February 28 Early 2023"]
[White "Kowalczyk, Pawel"]
[Black "Bacrot, Etienne"]
[WhiteFideId "1130641"]
[BlackFideId "605506"]
[WhiteElo "2324"]
[BlackElo "2667"]
[Result "0-1"]
[Round "11"]
[TimeControl "180+2"]
[Date "2023.02.28"]
[WhiteClock "0:00:03"]
[BlackClock "0:00:34"]

1. e4 c5 2. Ne2 Nc6 3. g3 d5 4. Bg2 dxe4 5. Bxe4 Nf6 6. Bg2 e5 7. d3 Bd6 8. O-O O-O 9. Nbc3 h6 10. h3 Re8 11. Ne4 Bf8 12. Be3 Nd7 13. c3 f5 14. Nd2 Qc7 15. a4 Nf6 16. f4 Be6 17. fxe5 Nxe5 18. Bf4 g5 19. Bxe5 Qxe5 20. Kh2 Rad8 21. d4 Qc7 22. Nf3 Bc4 23. Re1 Ne4 24. Qc2 Bxe2 25. Rxe2 Qxg3+ 26. Kh1 Bd6 27. Rg1 Qf4 28. Rge1 Ng3+ 29. Kg1 Nxe2+ 30. Rxe2 cxd4 31. Nxd4 Bc5 0-1


[Site "https://www.chess.com"]

[Event "Titled Tuesday Blitz February 28 Early 2023"]
[White "Rustemov, Alexander"]
[Black "Carlsen, Magnus"]
[WhiteFideId "4119002"]
[BlackFideId "1503014"]
[WhiteElo "2904"]
[BlackElo "2852"]
[Result "1/2-1/2"]
[Round "11"]
[TimeControl "180+2"]
[Date "2023.02.28"]
[WhiteClock "0:00:04"]
[BlackClock "0:01:35"]

1. d4 Nf6 2. c4 e6 3. Nf3 b6 4. a3 Bb7 5. Nc3 g6 6. Bf4 Bg7 7. e3 O-O 8. h3 d6 9. Be2 Nbd7 10. Qc2 e5 11. Bh2 exd4 12. exd4 Re8 13. O-O Ne4 14. Rfe1 Nxc3 15. Qxc3 a5 16. b3 Qf6 17. Rad1 Re7 18. Qd2 Rae8 19. Bg3 h6 20. b4 a4 21. c5 bxc5 22. dxc5 dxc5 23. Bxc7 cxb4 24. Bd6 Rxe2 25. Rxe2 Rxe2 26. Qxe2 b3 27. Qe8+ Nf8 28. Bxf8 Bxf8 29. Rd8 Qg7 30. Rb8 Bxf3 31. gxf3 Qa1+ 32. Kg2 Qg7 33. Qxa4 b2 34. Qb4 Kh7 35. Qxb2 Qxb2 36. Rxb2 Bxa3 37. Rb7 Kg7 38. f4 Kf6 39. Kf3 Ke6 40. Ke4 f5+ 41. Kf3 h5 42. Rb6+ Kf7 43. Ra6 Bc5 44. Rc6 Bd4 45. Kg3 Kg7 46. Kf3 Kf7 47. Rd6 Ba1 48. Ra6 Bd4 49. Ra4 Bb2 50. Ke2 Bf6 51. Kd3 Bh4 52. f3 Bf6 53. Kc4 Bb2 54. Kd5 Kf8 55. Ke6 Bc3 56. Ra8+ Kg7 57. Ra7+ Kf8 58. Ra6 Kg7 59. Ra7+ Kf8 60. Rb7 Ba1 61. Rb8+ Kg7 62. Rb7+ Kf8 63. Rb8+ Kg7 64. Rb7+ Kf8 1/2-1/2


[Site "https://www.chess.com"]

[Event "Titled Tuesday Blitz February 28 Early 2023"]
[White "Kamsky, Gata"]
[Black "Paravyan, David"]
[WhiteFideId "2000024"]
[BlackFideId "4194985"]
[WhiteElo "2666"]
[BlackElo "2577"]
[Result "1-0"]
[Round "11"]
[TimeControl "180+2"]
[Date "2023.02.28"]
[WhiteClock "0:00:06"]
[BlackClock "0:00:01"]

1. d4 Nf6 2. Bf4 g6 3. c3 Bg7 4. Nf3 Nh5 5. Be5 Bxe5 6. dxe5 d6 7. e3 O-O 8. h3 Nc6 9. g4 Ng7 10. exd6 exd6 11. Nbd2 Bd7 12. Qb3 b5 13. Bg2 Rb8 14. Ne4 Qe7 15. Qd5 Kh8 16. g5 Nh5 17. Rd1 f5 18. gxf6 Nxf6 19. Nxf6 Rxf6 20. O-O Rf5 21. Qd2 Rbf8 22. Nd4 Rg5 23. f4 Rg3 24. Kh2 Qh4 25. Qf2 Rxh3+ 26. Bxh3 Qxh3+ 27. Kg1 Nxd4 28. exd4 Bg4 29. Rde1 g5 30. Qe3 Qh5 31. Qe7 Rf7 32. Qxg5 Qxg5 33. fxg5 Rd7 34. Rf6 Kg7 35. Kf2 Bh5 36. Kg3 Bg6 37. Kf4 c5 38. Rd1 Re7 39. Rxd6 Re4+ 40. Kf3 Re7 41. dxc5 Bh5+ 42. Kf4 Bxd1 43. Rxd1 Re2 44. b4 Kf7 45. c6 Re6 46. Rd7+ Ke8 47. Rc7 h6 48. Kf5 Rd6 49. g6 Kf8 50. Rf7+ Kg8 51. c7 Rc6 52. Rd7 1-0


[Site "https://www.chess.com"]

[Event "Titled Tuesday Blitz February 28 Early 2023"]
[White "Vokhidov, Shamsiddin"]
[Black "Erigaisi Arjun"]
[WhiteFideId "14204223"]
[BlackFideId "35009192"]
[WhiteElo "2570"]
[BlackElo "2737"]
[Result "0-1"]
[Round "11"]
[TimeControl "180+2"]
[Date "2023.02.28"]
[WhiteClock "0:00:37"]
[BlackClock "0:00:53"]

1. e4 c6 2. Nc3 d5 3. Nf3 g6 4. d4 Bg7 5. h3 Nf6 6. e5 Ne4 7. Nxe4 dxe4 8. Ng5 c5 9. e6 Bxe6 10. Nxe6 fxe6 11. dxc5 Qxd1+ 12. Kxd1 Nd7 13. c3 Nxc5 14. Be3 Rc8 15. Kc2 a6 16. Be2 Nd7 17. Rad1 Nf6 18. Rd4 O-O 19. Bc4 Rc6 20. Bb3 h5 21. Re1 Kh7 22. Re2 Bh6 23. Kd1 Bxe3 24. Rxe3 e5 25. Rd2 Rd6 26. Kc1 Nd7 27. Rxe4 Rxd2 28. Kxd2 Rxf2+ 29. Re2 Rf6 30. Ke3 Kg7 31. Bd5 b6 32. b4 b5 33. Rd2 Nb6 34. Ke4 Rf5 35. Be6 Rf1 36. Rd8 Re1+ 37. Kf3 Rc1 38. Rb8 Rxc3+ 39. Ke4 Rc6 40. Kxe5 Nc4+ 41. Bxc4 Rxc4 42. Rb6 Rxb4 43. Rxa6 h4 44. Ra3 Rb2 45. g3 hxg3 46. Rxg3 Rxa2 47. Rb3 Re2+ 48. Kf4 Rf2+ 0-1


[Site "https://www.chess.com"]

[Event "Titled Tuesday Blitz February 28 Early 2023"]
[White "Bruzon Batista, Lazaro"]
[Black "Lazavik, Denis"]
[WhiteFideId "3503739"]
[BlackFideId "13515110"]
[WhiteElo "2709"]
[BlackElo "2560"]
[Result "0-1"]
[Round "11"]
[TimeControl "180+2"]
[Date "2023.02.28"]
[WhiteClock "0:00:32"]
[BlackClock "0:00:58"]

1. d4 Nf6 2. c4 e6 3. Nf3 d5 4. g3 Bb4+ 5. Nbd2 O-O 6. Bg2 b6 7. O-O Bb7 8. b3 Nbd7 9. Bb2 Re8 10. e3 Bf8 11. Qe2 c5 12. Rfd1 Rc8 13. Rac1 Qc7 14. cxd5 exd5 15. Ne5 Nxe5 16. dxe5 Rxe5 17. Bxe5 Qxe5 18. Nb1 g6 19. Nc3 Rd8 20. Rc2 Rd7 21. Qb5 Rd6 22. Qa4 a6 23. Qf4 Qe6 24. Rcd2 b5 25. h3 h5 26. e4 d4 27. e5 Bxg2 28. Kxg2 Nd5 29. Nxd5 Rxd5 30. Re2 Bg7 31. Qg5 Bxe5 32. f4 Qc6 33. Kh2 Bf6 34. Qh6 Bg7 0-1


[Site "https://www.chess.com"]